 Dungeon Crawl Stone Soup version 0.28-a0-674-gdaf460b524 (webtiles) character file.

Game seed: 18365226255078597743

9 tatocazan the Skirmisher (level 2, 24/24 HPs)
             Began as a Demonspawn Fighter on Oct 17, 2021.
             Quit the game on level 1 of the Dungeon.
             The game lasted 00:00:45 (603 turns).

tatocazan the Skirmisher (Demonspawn Fighter)        Turns: 603, Time: 00:00:46

Health: 24/24      AC:  9    Str: 16    XL:     2   Next: 3%
Magic:  2/2        EV:  6    Int:  9    God:
Gold:   11         SH:  4    Dex: 12    Spells: 1/1 levels left

rFire   . . .      SeeInvis .   a - +0 war axe
rCold   . . .      Faith    .   c - +0 buckler
rNeg    . . .      Spirit   .   g - +0 chain mail
rPois   .          Reflect  .   (no helmet)
rElec   .          Harm     .   (no cloak)
rCorr   .          Rampage  .   (no gloves)
Will    .....                   (no boots)
Stlth   ..........              (no amulet)
HPRegen 0.08/turn               (no ring)
MPRegen 0.08/turn               (no ring)

@: no status effects
A: hooves 1
a: no special abilities


You were on level 1 of the Dungeon.
You visited 1 branch of the dungeon, and saw 1 of its levels.

You collected 11 gold pieces.

Inventory:

Hand Weapons
 a - a +0 war axe (weapon)
Armour
 b - a +0 scale mail
 c - a +0 buckler (worn)
 g - a +0 chain mail (worn)
Scrolls
 e - 2 scrolls of teleportation {unknown}
 h - a scroll of identify {unknown}
Potions
 d - a potion of might
 f - 2 potions of brilliance {unknown}


   Skills:
 + Level 3.1 Fighting
 + Level 2.0 Axes
 + Level 2.8 Armour
 + Level 2.8 Shields


You had one spell level left.
You didn't know any spells.
Your spell library contained the following spells:

 Spells                   Type           Power      Damage    Failure   Level
 Scorch                   Fire           0%         2d5       100%        2
 Flame Wave               Conj/Fire      0%         3d3       100%        4
 Summon Cactus Giant      Summ           0%         N/A       100%        6


Dungeon Overview and Level Annotations

Branches:
Dungeon (1/15)

Altars:

Shops:
D:1 ?


Innate Abilities, Weirdness & Mutations

You have large cloven feet.


Message History

No target in view!
No target in view!
No target in view!
You see here a frilled lizard corpse.
A quokka comes into view.
A quokka is nearby!
A quokka is nearby!
A quokka is nearby!
A quokka is nearby!
You barely miss the quokka. The quokka completely misses you.
The quokka barely misses you.
You hit the quokka.
The quokka is heavily wounded.
The quokka barely misses you.
The quokka bites you but does no damage.
You closely miss the quokka.
The quokka is heavily wounded.
The quokka bites you but does no damage.
You block the quokka's attack.
You closely miss the quokka.
The quokka is heavily wounded.
The quokka bites you but does no damage.
You hit the quokka but do no damage.
The quokka is heavily wounded.
The quokka bites you but does no damage.
The quokka bites you.
You take 1 damage, and have 17/18 hp.
You slash the quokka!
You kill the quokka!
You have reached level 2!
Your demonic ancestry asserts itself...
Your feet thicken and deform.
You regained 6 hp, and now have 23/24 hp.
MP restored: 2 You see here a quokka corpse.
Found a stone staircase leading down.
Health restored: 24 Are you sure you want to abandon this character and quit the game? (Confirm with "yes".)
Okay, then.
Are you sure you want to abandon this character and quit the game? (Confirm with "yes".)

.... .#.#
########
...####......#
........####.#
#...#####
#†########
.....#
#........#
#...##
#.######.#
##.## #.#####
#.# #..†.@#
#.# #.###.#
##'## #.# #.#
#...## #.. >..
.....## ###
#.## ......#
#.# .......#
#.# .......+
..# .......#


There were no monsters in sight!

Vanquished Creatures
  An endoplasm (D:1)
  A goblin (D:1)
  A quokka (D:1)
  A bat (D:1)
  2 frilled lizards (D:1)
  A kobold (D:1)
  3 rats (D:1)
10 creatures vanquished.

Notes
Turn   | Place    | Note
-------+----------+-------------------------------------------
     0 | D:1      | tatocazan the Demonspawn Fighter began the quest for the
                  | Orb.
     0 | D:1      | Reached XP level 1. HP: 18/18 MP: 1/1
   116 | D:1      | Found Tiusiw's Magic Scroll Shoppe.
   590 | D:1      | Gained mutation: You have large cloven feet. [demonic
                  | ancestry]
   590 | D:1      | Reached XP level 2. HP: 23/24 MP: 2/2
   603 | D:1      | Quit the game

Illustrated notes

Levels and vault maps discovered:
D:1:      scummos_arrival_hexagon, layout_loops_corners, serial_shops, shop,
          shapermc_ecumenical_altar_mp_urbaneastern, minivault_24

Skill      XL: |  1 |
---------------+----+-----
Axes           | 2 |  2.0
Fighting       | |  3.1
Armour         | |  2.8
Shields        | |  2.8

Action                   || total
-------------------------++-------
Melee: War axe           ||    37
Armor: Scale mail        ||    10
       Chain mail        ||     6
Dodge: Dodged            ||    13
Block: Buckler           ||     6

Table legend: (Time is in decaauts)
 A = Elapsed time spent in this place.
 B = Non-inter-level travel time spent in this place.
 C = Inter-level travel time spent in this place.
 D = Time resting spent in this place.
 E = Time spent auto-exploring this place.
 F = Levels seen in this place.
 G = Mean time per level.
                   A        B        C        D        E       F      G
               +--------+--------+--------+--------+--------+-----+--------+
         Total |    619 |    619 |      0 |      0 |    514 |   1 |  619.0 |
       Dungeon |    619 |    619 |      0 |      0 |    514 |   1 |  619.0 |
               +--------+--------+--------+--------+--------+-----+--------+

Top non-repeatable levels by time:
     D:1: 619 daAuts
